 Dungeon Crawl Stone Soup version 0.30.0-15-g856e2d3f33 (webtiles) character file.

Game seed: 14031380642287403085

128971 BubbleThief the Severer (level 17, -4/142 HPs)
             Began as a Formicid Fighter on May 19, 2023.
             Was the Champion of the Shining One.
             Slain by a merfolk
             ... wielding a +0 trident
             ... led by a merfolk impaler
              (15 damage)
             ... on level 3 of the Shoals on May 20, 2023.
             The game lasted 00:58:40 (28692 turns).

BubbleThief the Severer (Formicid Fighter)         Turns: 28692, Time: 00:58:40

Health: -4/142     AC: 21    Str: 33    XL:     17   Next: 60%
Magic:  0/17       EV: 10    Int: 10    God:    the Shining One [******]
Gold:   448        SH: 16    Dex: 13    Spells: 16/16 levels left

rFire   . . .        K - +4 battleaxe
rCold   + + +        G - +2 kite shield {rN+}
rNeg    + + +        r - +0 ice dragon scales
rPois   .            (helmet unavailable)
rElec   .            z - scarf {rC+ rF+}
rCorr   .            (no gloves)
SInv    +            S - +1 pair of boots {rampage}
Will    +....        j - amulet of guardian spirit Stlth
                     O - +4 ring of protection
HPRegen 0.43/turn    o - +6 ring of strength
MPRegen 0.15/turn

%: guardian spirit, rampage
@: lethally poisoned (-4 -> -11), mesmerised, glowing, studying Evocations
A: permanent stasis, dig shafts and tunnels, antennae 3, four strong arms
a: Dig, Shaft Self, Renounce Religion, Divine Shield, Cleansing Flame, Summon
Divine Warrior, Brand Weapon With Holy Wrath


You were on level 3 of the Shoals.
You worshipped the Shining One.
The Shining One was exalted by your worship.
You visited 5 branches of the dungeon, and saw 26 of its levels.
You also visited: Ice Cave.

You collected 2104 gold pieces.
You spent 1656 gold pieces at shops.

Inventory:

Hand Weapons
 A - a +1 battleaxe of freezing
 K - a +4 battleaxe (weapon)
Missiles
 a - 7 throwing nets
 y - 5 atropa-tipped darts (quivered)
Armour
 b - a +1 cloak
 n - a +2 kite shield of cold resistance
 q - a +1 scale mail of fire resistance
 r - +0 ice dragon scales (worn)
 z - a scarf of resistance (worn)
 G - a +2 kite shield of positive energy (worn)
 S - a +1 pair of boots of rampaging (worn)
Jewellery
 j - an amulet of guardian spirit (around neck)
 o - a +6 ring of strength (right hand)
 F - a ring of positive energy
 L - a +6 ring of strength
 O - a +4 ring of protection (left hand)
 U - a ring of poison resistance
Wands
 l - a wand of roots (14)
 u - a wand of paralysis (36)
 w - a wand of flame (37)
 E - a wand of polymorph (24)
 I - a wand of light (31)
 M - a wand of mindburst (2)
Scrolls
 f - 12 scrolls of identify
 i - 5 scrolls of enchant weapon
 m - 2 scrolls of fog
 t - a scroll of summoning
 C - 2 scrolls of silence
 H - a scroll of fear
 Q - 4 scrolls of amnesia
 R - 2 scrolls of enchant armour {unknown}
 T - a scroll of brand weapon {unknown}
Potions
 c - 5 potions of brilliance
 d - 5 potions of might
 e - 11 potions of lignification
 k - 4 potions of magic
 p - 6 potions of curing
 s - 5 potions of mutation
 v - 2 potions of cancellation
 x - 9 potions of attraction
 B - 4 potions of ambrosia
 J - a potion of resistance
 P - a potion of flight
Miscellaneous
 g - a lightning rod (4/4)
 D - a condenser vane
 N - a phantom mirror (inert)


   Skills:
 + Level 15.2 Fighting
 * Level 19.1 Axes
 + Level 13.5 Armour
 + Level 16.8 Shields
 + Level 13.1 Evocations


You had 16 spell levels left.
You didn't know any spells.
Your spell library contained the following spells:

 Spells                   Type           Power      Damage    Failure   Level
 Magic Dart               Conj           0%         1d3       65%         1
 Shock                    Conj/Air       0%         1d3       65%         1
 Sting                    Tmut/Pois      0%         1d3       65%         1
 Call Imp                 Summ           0%         N/A       80%         2
 Ensorcelled Hibernation  Hex/Ice        0%         N/A       80%         2
 Lesser Beckoning         Tloc           0%         N/A       80%         2
 Poisonous Vapours        Pois/Air       0%         N/A       80%         2
 Frozen Ramparts          Ice            0%         1d1       95%         3
 Gell's Gravitas          Tloc           0%         N/A       95%         3
 Hailstorm                Conj/Ice       0%         3d3       95%         3
 Inner Flame              Hex/Fire       0%         N/A       95%         3
 Mephitic Cloud           Conj/Pois/Air  0%         N/A       95%         3
 Ozocubu's Armour         Ice            0%         N/A       95%         3
 Spider Form              Tmut/Pois      0%         N/A       95%         3
 Teleport Other           Tloc           0%         N/A       95%         3
 Volatile Blastmotes      Fire/Tloc      0%         2d10      95%         3
 Anguish                  Hex/Necr       0%         N/A       100%        4
 Flame Wave               Conj/Fire      0%         2d4       100%        4
 Fulminant Prism          Conj/Hex       0%         3d5       100%        4
 Ice Form                 Ice/Tmut       0%         N/A       100%        4
 Iskenderun's Mystic Bla  Conj/Tloc      0%         2d3       100%        4
 Leda's Liquefaction      Hex/Erth       0%         N/A       100%        4
 Olgreb's Toxic Radiance  Pois           0%         N/A       100%        4
 Passage of Golubria      Tloc           0%         N/A       100%        4
 Sticky Flame             Conj/Fire      0%         2d3       100%        4
 Summon Ice Beast         Ice/Summ       0%         N/A       100%        4
 Alistair's Intoxication  Tmut/Pois      0%         N/A       100%        5
 Borgnjor's Vile Clutch   Necr/Erth      0%         N/A       100%        5
 Lee's Rapid Deconstruct  Erth           0%         3d4*      100%        5
 Metabolic Englaciation   Hex/Ice        0%         N/A       100%        5
 Silence                  Hex/Air        0%         N/A       100%        5
 Summon Mana Viper        Hex/Summ       0%         N/A       100%        5
 Eringya's Noxious Bog    Tmut/Pois      0%         N/A       100%        6
 Simulacrum               Ice/Necr       0%         N/A       100%        6
 Statue Form              Tmut/Erth      0%         N/A       100%        6
 Monstrous Menagerie      Summ           0%         N/A       100%        7
 Ozocubu's Refrigeration  Ice            0%         4d7       100%        7
 Lehudib's Crystal Spear  Conj/Erth      0%         10d2      100%        8
 Swiftness                Air            Unusable   N/A       N/A         3

Dungeon Overview and Level Annotations

Branches:
Dungeon (15/15)            Temple (1/1) D:4            Lair (5/5) D:8
 Shoals (3/4) Lair:3       Spider (0/4) Lair:3        Slime (0/5) Lair:4
    Orc (2/2) D:10         Depths (0/4) D:15          IceCv (visited)
    Elf: Orc:2       Vaults: D:13-14

Altars:
Ashenzari
Cheibriados
Dithmenos
Elyvilon
Fedhas
Gozag
Kikubaaqudgha
Makhleb
Nemelex Xobeh
Okawaru
Qazlal
Ru
Sif Muna
Trog
Uskayaw
Vehumet
Wu Jian
Xom
Yredelemnul
Zin
The Shining One
Jiyva

Shops:
D:3 =[(:!   D:6 [[   D:8 *   D:10 (   Shoals:1 :   Shoals:2 =   Shoals:3 =

Annotations:
D:4 3 runed translucent doors, SexyEnough's ghost, amateur MiMo
D:13 3 runed translucent doors, Wulfey's ghost, journeyman MiBe
Orc:2 Erolcha


Innate Abilities, Weirdness & Mutations

You cannot be hasted, slowed, berserked, paralysed or teleported.
You can dig through walls and to a lower floor.
You have a pair of large antennae on your head. (SInv)
Your four strong arms can wield two-handed weapons with a shield.


Message History

The merfolk hits you from afar with a +0 halberd.
* * * LOW HITPOINT WARNING * * *
The merfolk impaler barely misses you.
The merfolk throws a boomerang.
You block the boomerang.
You feel much better.
Your merfolk impaler closely misses the merfolk impaler.
The merfolk throws a boomerang.
You block the boomerang.
The merfolk impaler hits you with a +0 trident!
* * * LOW HITPOINT WARNING * * *
The merfolk siren chants its luring song.
The merfolk impaler barely misses you.
Your merfolk impaler hits the merfolk impaler with a +0 trident.
The merfolk closely misses you.
The merfolk throws a boomerang.
The boomerang misses you. The merfolk impaler barely misses you.
The merfolk throws a boomerang.
The boomerang hits you but does no damage.
Unknown command.
Unknown command.
You hit the merfolk impaler.
The merfolk impaler is almost dead.
You slice the water elemental!!
The merfolk throws a boomerang.
The boomerang hits you but does no damage.
The merfolk impaler hits you from afar with a +5 trident of venom.
* * * LOW HITPOINT WARNING * * *
You are poisoned.
Your merfolk impaler hits the merfolk impaler with a +0 trident!
The merfolk impaler dies!
You hear a splash. x2
The merfolk siren chants its luring song.
You block the water elemental's attack. You block the merfolk impaler's attack.
The merfolk hits you but does no damage.
The merfolk barely misses you.
You rampage towards the merfolk!
You barely miss the merfolk. You slash the merfolk! You slice the merfolk!! x2
You feel very sick.
Your merfolk impaler hits the water elemental from afar with a +0 trident!
The merfolk hits you with a +0 trident!
* * * LOW HITPOINT WARNING * * *
The merfolk hits you with a +0 trident!
You die...

~~~~.........~~~~~
~~~~~~~~~~~~~~.###...~~~
~~~~~~~~~~~~~~..####..~~
≈≈≈≈≈~~~~~~~~~~..##....~
≈≈≈≈≈~~~~~~~~~~~..##..~~
≈≈≈≈≈~~~~~~~~~~~~.##..~.
≈≈≈≈≈~~~..~~~~.~~......#
≈≈≈≈~~mm#~~~~~..###....#
≈≈≈≈~~m@##m~~~.[###..(..
≈≈≈≈~~m..E~~~~~.##...)..
≈≈≈≈~~mm)~~~~~~~..(.....
≈≈≈≈≈~~~~~~~~~~~~.~~~~))
≈≈≈≈≈≈~~~~~≈≈~~~~~~~~)..
≈≈≈≈≈≈≈≈≈≈≈≈≈≈~~~~~~~~..
≈≈≈≈≈≈≈≈≈≈≈≈≈≈≈≈≈≈≈≈~~..
≈≈≈≈≈≈≈≈≈≈≈≈≈≈≈≈≈≈≈≈~~~~
≈≈≈≈≈≈≈≈≈≈≈≈≈≈≈≈≈≈≈≈~~~


You could see 4 merfolk, a water elemental (ally target), a merfolk siren
(mesmerising) and a friendly merfolk impaler (summoned, drained).

Vanquished Creatures
  2 krakens
  Ilsuiw (Shoals:2)
  A frost giant (IceCv)
  Nessos (Lair:4)
  Snorg (D:14)
  The ghost of ojifijod the Carver, a journeyman DjWr of Ru (Lair:2)
  A merfolk javelineer (Shoals:2)
  2 merfolk impalers
  A fire dragon (D:15)
  2 ice dragons (D:15)
  2 vault guards
  6 centaur warriors
  3 boulder beetles
  3 catoblepae (Lair:5)
  2 merfolk aquamancers
  A merfolk avatar (Shoals:3)
  2 two-headed ogres (D:12)
  5 hydras
  19 death yaks
  A tengu warrior (Shoals:2)
  6 sea snakes
  7 skysharks
  An orb spider (Lair:3)
  A wizard (D:14)
  Pikel (D:5)
  13 harpies
  12 ugly things
  15 fauns
  10 manticores
  An elephant (shapeshifter) (D:9)
  6 cyclopes
  12 elephants
  3 merfolk sirens
  7 water nymphs
  Joseph (D:7)
  8 black mambas
  A torpor snail (Lair:4)
  An ice statue (IceCv)
  10 cane toads
  5 rime drakes
  4 gargoyles
  2 unseen horrors
  A kobold demonologist (D:12)
  A rime drake (shapeshifter) (D:14)
  12 komodo dragons
  A tengu conjurer (Shoals:2)
  5 trolls
  18 merfolk
  A queen bee (Lair:2)
  A meliai (Lair:2)
  A meliai (shapeshifter) (D:15)
  3 hornets
  21 polar bears
  6 wind drakes
  Prince Ribbit (D:5)
  21 blink frogs
  A snapping turtle (Shoals:2)
  A slime creature (D:9)
  4 dream sheep (Shoals:1)
  9 water elementals
  A culicivora (shapeshifter) (D:14)
  A jumping spider (shapeshifter) (D:15)
  2 centaur simulacra
  6 wyverns
  3 wraiths
  2 vampires
  72 yaks
  Eustachio (D:5)
  6 basilisks
  3 steam dragons
  2 vampire mosquitoes (D:14)
  2 acid dragons
  17 water moccasins
  4 orc warriors
  2 black bears
  2 ice beasts
  3 ogres
  23 wolves
  9 centaurs
  A kobold brigand (D:9)
  A lemure (D:5)
  11 bullfrogs
  A gnoll sergeant (D:8)
  4 scorpions
  17 wights
  23 killer bees
  10 howler monkeys
  5 hounds
  15 jellies
  Crazy Yiuf (D:3)
  2 gnoll boudas
  2 orc priests
  Ijyb (D:4)
  An iguana (D:4)
  15 orc wizards
  20 gnolls
  2 adders
  A shadow imp (D:8)
  A white imp (D:6)
  An ufetubus (D:5)
  3 worms
  2 dart slugs
  43 orcs
  9 ball pythons
  7 bats
  5 endoplasms
  8 giant cockroaches
  9 hobgoblins
  6 jackals (D:1)
  6 kobolds
  3 quokkas
  4 frilled lizards
  4 goblins
  10 rats
  5 tentacles
712 creatures vanquished.

Vanquished Creatures (collateral kills)
  A merfolk impaler (Shoals:3)
1 creature vanquished.

Vanquished Creatures (others)
  A merfolk siren (Shoals:2)
  A wight (D:8)
  2 orcs
  22 tentacles
26 creatures vanquished.

Grand Total: 739 creatures vanquished

Notes
Turn   | Place    | Note
-------+----------+-------------------------------------------
     0 | D:1      | BubbleThief the Formicid Fighter began the quest for the
                  | Orb.
     0 | D:1      | Reached XP level 1. HP: 18/18 MP: 1/1
    97 | D:1      | Reached XP level 2. HP: 24/24 MP: 2/2
   514 | D:1      | Reached XP level 3. HP: 27/30 MP: 3/3
   523 | D:1      | Reached skill level 3 in Axes
  1015 | D:2      | Reached XP level 4. HP: 37/37 MP: 4/4
  1517 | D:3      | Found an ancient bone altar of Kikubaaqudgha.
  1521 | D:3      | Found Gounyhits's Distillery.
  1530 | D:3      | Bought a potion of curing for 33 gold pieces
  1693 | D:3      | Found Toilul's Armour Boutique.
  1710 | D:3      | Found Syem Irgh's Jewellery Boutique.
  1753 | D:3      | Reached skill level 4 in Axes
  1793 | D:3      | Found Timuol's Book Shop.
  1800 | D:3      | Found Qolar's Antique Weapon Shoppe.
  1945 | D:3      | You fall into a shaft and drop 1 floor!
  1957 | D:4      | Noticed SexyEnough's ghost (amateur MiMo)
  1959 | D:4      | Found a runed translucent gate.
  1960 | D:4      | Found a runed translucent gate.
  1976 | D:4      | Reached XP level 5. HP: 15/42 MP: 5/5
  2299 | D:3      | Found a runed translucent door.
  2300 | D:3      | Noticed Crazy Yiuf
  2615 | D:3      | Killed Crazy Yiuf
  2616 | D:3      | Reached XP level 6. HP: 44/49 MP: 6/6
  2670 | D:4      | Reached skill level 5 in Axes
  2750 | D:4      | Found a radiant altar of Vehumet.
  2914 | D:3      | Reached skill level 5 in Fighting
  3076 | D:4      | Found a runed translucent gate.
  3141 | D:4      | Found a staircase to the Ecumenical Temple.
  3149 | Temple   | Entered the Ecumenical Temple
  3469 | D:4      | Found a burning altar of Makhleb.
  3547 | D:5      | Entered Level 5 of the Dungeon
  3547 | D:5      | Noticed Eustachio
  3561 | D:5      | Reached XP level 7. HP: 21/56 MP: 7/7
  3691 | D:4      | Reached skill level 6 in Axes
  3829 | D:5      | Noticed Ijyb
  3831 | D:5      | Noticed Prince Ribbit
  3843 | D:4      | Killed Ijyb
  3898 | D:5      | Killed Eustachio
  3899 | D:5      | Reached skill level 7 in Axes
  4122 | D:6      | Found a glowing golden altar of the Shining One.
  4134 | D:6      | Became a worshipper of the Shining One
  4161 | D:6      | Reached XP level 8. HP: 62/64 MP: 8/8
  4243 | D:6      | Found an ornate altar of the Wu Jian Council.
  4282 | D:6      | Found Zykisete's Armour Shop.
  4297 | D:6      | Bought a +2 kite shield of positive energy for 203 gold
                  | pieces
  4338 | D:6      | Found a basalt altar of Yredelemnul.
  4358 | D:6      | Found a stormy altar of Qazlal.
  4481 | D:6      | Found Betargh's Armour Emporium.
  4600 | D:6      | Found a sparkling altar of Nemelex Xobeh.
  4677 | D:7      | Reached skill level 8 in Axes
  4850 | D:7      | Reached skill level 5 in Shields
  4851 | D:7      | Reached XP level 9. HP: 25/72 MP: 9/9
  5061 | D:7      | Reached skill level 9 in Axes
  5130 | D:7      | Noticed Joseph
  5130 | D:7      | Reached * piety under the Shining One
  5146 | D:7      | Killed Joseph
  6083 | D:8      | Reached skill level 10 in Axes
  6297 | D:8      | Reached XP level 10. HP: 50/81 MP: 10/10
  6498 | D:8      | Found a staircase to the Lair.
  6535 | D:8      | Found Boerch's Bounteous Boutique.
  6884 | D:8      | Reached ** piety under the Shining One
  7099 | D:8      | Reached skill level 11 in Axes
  7242 | D:8      | Found an iron altar of Okawaru.
  7468 | D:5      | Noticed Pikel
  7474 | D:5      | Killed Pikel
  7475 | D:5      | Reached skill level 5 in Armour
  7568 | D:5      | Found a snail-covered altar of Cheibriados.
  7663 | D:5      | Killed Prince Ribbit
  7966 | D:5      | Found a broken altar of Ashenzari.
  8036 | D:5      | Identified a scroll of acquirement
  8036 | D:5      | Acquired a manual of Evocations
  8160 | D:9      | Noticed a komodo dragon
  8166 | D:9      | Killed a komodo dragon
  8167 | D:9      | Reached XP level 11. HP: 50/89 MP: 11/11
  8499 | D:9      | Found a shadowy altar of Dithmenos.
  8819 | D:9      | Found a white marble altar of Elyvilon.
  8876 | D:9      | Noticed a green ugly thing
  8877 | D:9      | Reached *** piety under the Shining One
  8880 | D:9      | Reached skill level 12 in Axes
  8885 | D:9      | Killed a green ugly thing
  8897 | D:9      | a yaktaur changed into an elephant
  8897 | D:9      | Noticed an elephant (shapeshifter)
  8908 | D:9      | Killed an elephant
  8909 | D:9      | Reached skill level 10 in Fighting
  9092 | D:9      | Noticed a cyclops
  9105 | D:9      | Killed a cyclops
  9106 | D:9      | Reached skill level 10 in Shields
  9140 | D:9      | Noticed a cyclops
  9143 | D:9      | Killed a cyclops
  9575 | Lair:1   | Entered Level 1 of the Lair of Beasts
  9745 | Lair:1   | Reached XP level 12. HP: 78/98 MP: 8/12
  9823 | Lair:1   | Reached skill level 13 in Axes
 11282 | Lair:2   | Found a frozen archway.
 11291 | IceCv    | Entered an ice cave
 11312 | IceCv    | Reached skill level 14 in Axes
 11350 | IceCv    | Noticed a death yak
 11350 | IceCv    | Noticed a death yak
 11350 | IceCv    | Noticed a death yak
 11359 | IceCv    | Killed a death yak
 11362 | IceCv    | Killed a death yak
 11366 | IceCv    | Killed a death yak
 11367 | IceCv    | Reached XP level 13. HP: 78/106 MP: 10/13
 12233 | IceCv    | Noticed a frost giant
 12248 | IceCv    | Killed a frost giant
 12263 | IceCv    | Reached skill level 15 in Axes
 12858 | Lair:2   | Noticed a six-headed hydra
 12865 | Lair:2   | Killed a six-headed hydra
 12866 | Lair:2   | Reached skill level 10 in Armour
 12951 | Lair:2   | Found a sacrificial altar of Ru.
 12966 | Lair:2   | Reached skill level 1 in Evocations
 13170 | Lair:2   | Found a transporter.
 13172 | Lair:2   | Found a transporter.
 13173 | Lair:2   | Noticed ojifijod's ghost (journeyman DjWr)
 13173 | Lair:2   | Reached **** piety under the Shining One
 13300 | Lair:2   | Reached XP level 14. HP: 116/116 MP: 14/14
 13832 | Lair:2   | Got the Grimoire of Ghoulish Fog
 14671 | Lair:3   | Found a staircase to the Shoals.
 14820 | Lair:3   | Reached skill level 16 in Axes
 15092 | Lair:3   | Found a hole to the Spider Nest.
 15458 | Lair:4   | Reached skill level 5 in Evocations
 15768 | Lair:4   | Found a viscous altar of Jiyva.
 15768 | Lair:4   | Found a staircase to the Slime Pits.
 15814 | Lair:4   | Noticed Nessos
 15825 | Lair:4   | Killed Nessos
 16903 | Lair:5   | Entered Level 5 of the Lair of Beasts
 16906 | Lair:5   | Reached ***** piety under the Shining One
 16944 | Lair:5   | Reached XP level 15. HP: 65/123 MP: 10/15
 16991 | Lair:5   | HP: 6/120 [yak (11)]
 17788 | Lair:5   | Reached skill level 17 in Axes
 18902 | Lair:5   | Reached skill level 15 in Shields
 19199 | Lair:2   | Killed ojifijod's ghost
 19348 | Lair:2   | Identified the +11 shortbow of Flawed Execution {freeze,
                  | rC+ Int+6}
 19475 | D:10     | Entered Level 10 of the Dungeon
 19475 | D:10     | Found Netej's Weapon Emporium.
 19678 | D:10     | Found a staircase to the Orcish Mines.
 21644 | D:13     | Reached XP level 16. HP: 133/133 MP: 16/16
 21714 | D:13     | Noticed Wulfey's ghost (journeyman MiBe)
 21758 | D:13     | Reached skill level 10 in Evocations
 21812 | D:13     | Found a runed translucent gate.
 21813 | D:13     | Found a runed translucent gate.
 21814 | D:13     | Found a runed translucent gate.
 21868 | D:13     | Found a transporter.
 21870 | D:13     | Found a transporter.
 22209 | Orc:1    | Entered Level 1 of the Orcish Mines
 22314 | Orc:2    | Entered Level 2 of the Orcish Mines
 22314 | Orc:2    | Noticed Erolcha
 22590 | D:14     | Noticed Snorg
 22604 | D:14     | Killed Snorg
 22650 | D:14     | Noticed a tengu reaver
 22650 | D:14     | Found the +9 sword of Power {lifebolt}
 22658 | D:15     | Entered Level 15 of the Dungeon
 22870 | D:15     | Reached skill level 18 in Axes
 22928 | D:15     | Found a staircase to the Depths.
 23302 | D:15     | Reached ****** piety under the Shining One
 23665 | D:15     | Found an iron altar of Okawaru.
 24283 | Shoals:1 | Entered Level 1 of the Shoals
 24949 | Shoals:1 | Found Qeggid's Vocational Training.
 25010 | Shoals:1 | Bought a manual of Evocations for 1120 gold pieces
 25342 | Shoals:1 | Noticed a kraken
 25358 | Shoals:1 | Killed a kraken
 26248 | Shoals:2 | Reached XP level 17. HP: 110/140 MP: 13/17
 26543 | Shoals:2 | Found Qiohoasy's Jewellery Emporium.
 26626 | Shoals:2 | Noticed Ilsuiw
 26656 | Shoals:2 | Killed Ilsuiw
 27204 | Shoals:2 | Reached skill level 15 in Fighting
 27622 | Shoals:2 | Noticed a kraken
 27642 | Shoals:2 | Killed a kraken
 27856 | Shoals:2 | Bought a ring of poison resistance for 300 gold pieces
 27990 | Shoals:3 | Reached skill level 19 in Axes
 28154 | Shoals:3 | Found Ihiav's Jewellery Emporium.
 28688 | Shoals:3 | HP: 1/142 [merfolk/+0 halberd[a merfolk impaler] (14)]
 28692 | Shoals:3 | Slain by a merfolk

Illustrated notes

Levels and vault maps discovered:
D:1:      evilmike_arrival_hilbert_curve, layout_basic
D:2:      layout_basic, minmay_cut_off
D:3:      layout_loops_ring, mainiacjoe_overflow_boulevard, serial_shops, shop,
          nicolae_shop_crystal, nicolae_shop_waterfront,
          nicolae_shop_tiny_waterfront, shop_fountains, uniq_crazy_yiuf_cottage
D:4:      layout_loops_ring, makhleb_heckhound_becter,
          nicolae_overflow_hidden_temple, vehumet_altar_wand_db, temple_green,
          gammafunk_ghost_split
D:5:      layout_loops_ring, kennysheep_mini_moat, cheibrodos_ashenzari_chains,
          uniq_pikel, uniq_prince_ribbit1, uniq_ijyb, uniq_eustachio
D:6:      layout_rooms, mainiacjoe_overflow_six_doors_small,
          mainiacjoe_overflow_tiny_flanked, nemelex_spade_bored_becter,
          kennysheep_mini, pdpol_wu_jian_five_deadly_venoms, serial_shops,
          nicolae_shop_back_alley_shop, kennysheep_flooded_box,
          nicolae_stop_n_shop_2
D:7:      layout_gridville, due_unseen_surprise, uniq_joseph
D:8:      layout_loops_cross, general_overflow_altar, dpeg_oklobed_lair,
          nicolae_alphabet_shops, minmay_quadrilaterals
D:9:      layout_small_grid, lemuel_coloured_pillars_altar,
          mainiacjoe_overflow_alcove_1, chequers_garden, minmay_pinched_square
D:10:     layout_roguey, orc_0_dummy, serial_shops, nicolae_stop_n_shop_2,
          nrook_uturn
D:11:     layout_loops_ring
D:12:     layout_long_grid
D:13:     gammafunk_boulding_lane, layout_cave_pools,
          maelrawn_ghost_gauntlet_escape
D:14:     minmay_guarded_unrand_sword_of_power, layout_cave_pools,
          skrybe_vaults_entry_preservation, chequers_serial_rivers_micro_e,
          uniq_snorg
D:15:     grunt_enter_depths_hoard, layout_loops_corners,
          hangedman_decor_lopped, minmay_stone_trees_small,
          kennysheep_okawaru_gauntlet
Temple:   nicolae_temple_superstar
Lair:1:   layout_cave_pods, cheibrodos_lair_lostbears, grunt_megastairs_3
Lair:2:   cheibrodos_lair_river_kwai, layout_cave_pods, gammafunk_ghost_hive,
          portal_ice_cave_entry_pillars_1, basic_altar, serial_bayou_shore_b
Lair:3:   layout_cave_pods, minmay_shoals_entry_beasts,
          nicolae_spider_entry_orb_guardian, infiniplex_staircase_pool_2
Lair:4:   layout_roguey, minmay_slime_entry_jelly_boxes,
          dreamdust_mushroom_princess, hangedman_lair_generics_rect, uniq_nessos
Lair:5:   evilmike_catoblepas_cave, layout_cellular_growth, lemuel_fruit_tree
Shoals:1: layout_shoals, nicolae_shop_vocational
Shoals:2: layout_shoals, serial_shops, nicolae_shop_peninsula, kb_tengu_band,
          uniq_ilsuiw
Shoals:3: layout_shoals, serial_shops, shop, nicolae_shoals_lost_giant_pillars,
          nicolae_splish_splash
Orc:1:    cheibrodos_orc_bank, layout_caves
Orc:2:    grunt_orc_gardens, layout_caves, grunt_orc_garden, grunt_orc_garden,
          grunt_orc_garden, grunt_orc_garden, ebering_ghost_rock_garden,
          uniq_sonja, uniq_josephine, uniq_erolcha

Skill      XL: |  1  2  3  4  5  6  7  8  9 10 11 12 13 14 15 16 17 |
---------------+----------------------------------------------------+-----
Axes           | 3 4 5 7 8 10 11 12 14 15 16 17 18 19 | 19.1
Fighting       | 4 5 6 7 8 9 10 11 12 13 14 15 | 15.2
Shields        | 5 7 8 10 11 13 14 15 16 | 16.8
Armour         | 5 7 8 10 11 12 13 | 13.5
Evocations     | 1 6 9 12 13 | 13.1

Action                     |  1- 3 |  4- 6 |  7- 9 | 10-12 | 13-15 | 16-18 || total
---------------------------+-------+-------+-------+-------+-------+-------++-------
  Melee: War axe           |    94 |   163 |   111 |       |       |       ||   368
         Battleaxe         |       |       |    53 |   384 |   774 |   578 ||  1789
  Throw: Dart              |       |     2 |     3 |       |     2 |       ||     7
 Invoke: Divine Shield     |       |       |       |     1 |       |       ||     1
Ability: Dig               |       |       |     1 |       |     2 |       ||     3
  Evoke: Wand              |       |     6 |     3 |       |    40 |       ||    49
         Lightning rod     |       |       |       |       |    10 |       ||    10
         Condenser vane    |       |       |       |       |     2 |       ||     2
         Phantom mirror    |       |       |       |       |       |     2 ||     2
    Use: Scroll            |       |       |       |    24 |     5 |     1 ||    30
         Potion            |       |       |       |     1 |     3 |     4 ||     8
 Armour: Scale mail        |    44 |    25 |       |       |       |       ||    69
         Ice dragon scales |       |    46 |    61 |   154 |   346 |   221 ||   828
         Skin              |       |       |     1 |       |       |       ||     1
  Dodge: Dodged            |    40 |    85 |    55 |   141 |   241 |   180 ||   742
  Block: Buckler           |    26 |    49 |    22 |       |       |       ||    97
         Kite shield       |       |       |    92 |   314 |   576 |   413 ||  1395
